 Dungeon Crawl Stone Soup version 0.30-a0-1163-gf69bf04e7a (webtiles) character file.

Game seed: 16265562150443969714

10296 greasedhog the Carver (level 11, -20/90 HPs)
             Began as a Merfolk Fighter on Apr 29, 2023.
             Was a High Priest of Okawaru.
             Demolished by a boulder beetle (48 damage)
             ... on level 10 of the Dungeon.
             The game lasted 00:22:06 (11937 turns).

greasedhog the Carver (Merfolk Fighter)            Turns: 11937, Time: 00:22:07

Health: -20/90     AC: 12    Str: 17    XL:     11   Next: 59%
Magic:  17/17      EV: 20    Int:  7    God:    Okawaru [*****.]
Gold:   837        SH:  7    Dex: 18    Spells: 10/10 levels left

rFire   + . .        j - +1 scimitar (flame)
rCold   . . .        c - +1 buckler
rNeg    . . .        u - +3 troll leather armour {Snorg}
rPois   +            l - +2 helmet
rElec   .            b - +0 cloak
rCorr   .            (no gloves)
SInv    .            (no boots)
Will    .....        (no amulet)
Stlth   +++          i - ring of poison resistance
HPRegen 1.15/turn    t - ring of protection from fire
MPRegen 0.15/turn

%: no passive effects
@: heroic
A: (nimble swimmer 2), mertail
a: Renounce Religion, Heroism, Finesse, Duel


You were on level 10 of the Dungeon.
You worshipped Okawaru.
Okawaru was extremely pleased with you.
You visited 2 branches of the dungeon, and saw 12 of its levels.

You collected 837 gold pieces.

Inventory:

Hand Weapons
 j - a +1 scimitar of flaming (weapon)
Armour
 b - a +0 cloak (worn)
 c - a +1 buckler (worn)
 l - a +2 helmet (worn)
 u - a +3 troll leather armour (worn) {Snorg}
Jewellery
 i - a ring of poison resistance (left hand)
 m - the ring "Miefromp" {+Blink rC- Dex+6 Stlth+}
   (You took it off an orc wizard on level 4 of the Dungeon)

   [ring of dexterity]

   Dex:       It affects your dexterity (+6).
   rC:        It makes you vulnerable to cold.
   +Blink:    It lets you blink.
   Stlth:     It makes you more stealthy.
 t - a ring of protection from fire (right hand)
Wands
 q - a wand of roots (3)
 v - a wand of quicksilver (2)
 x - a wand of digging (4)
Scrolls
 a - a scroll of silence {unknown}
 f - 6 scrolls of teleportation
 g - a scroll of blinking
 o - 2 scrolls of enchant armour
 p - 2 scrolls of identify
 r - a scroll of brand weapon
 w - 2 scrolls of enchant weapon
 A - 2 scrolls of immolation
Potions
 d - a potion of flight
 e - 12 potions of curing
 h - 2 potions of might
 k - a potion of lignification
 n - a potion of ambrosia
 s - a potion of cancellation
 z - a potion of heal wounds
Miscellaneous
 y - a lightning rod (4/4)


   Skills:
 - Level 10.0(15.0) Fighting
 - Level 14.3(19.3) Long Blades
 - Level 2.1(7.1) Armour
 * Level 8.6(13.6) Dodging
 - Level 3.0(8.0) Shields
 + Level 8.7 Invocations


You had 10 spell levels left.
You didn't know any spells.
Your spell library contained the following spells:

 Spells                   Type           Power      Damage    Failure   Level
 Sandblast                Erth           0%         2d4       54%         1
 Blink                    Tloc           0%         N/A       69%         2
 Ensorcelled Hibernation  Hex/Ice        0%         N/A       69%         2
 Lesser Beckoning         Tloc           0%         N/A       69%         2
 Momentum Strike          Conj/Tloc      0%         3d8       69%         2
 Passwall                 Tmut/Erth      0%         N/A       69%         2
 Stone Arrow              Conj/Erth      0%         3d7       89%         3
 Swiftness                Air            0%         N/A       89%         3


Dungeon Overview and Level Annotations

Branches:
Dungeon (11/15)            Temple (1/1) D:4
   Lair: D:8-11         Orc: D:9-12

Altars:
Ashenzari
Cheibriados
Dithmenos
Elyvilon
Fedhas
Gozag
Hepliaklqana
Kikubaaqudgha
Makhleb
Nemelex Xobeh
Okawaru
Qazlal
Ru
Sif Muna
Trog
Uskayaw
Vehumet
Wu Jian
Xom
Yredelemnul
Zin
The Shining One

Shops:
D:8 (   D:10 :

Annotations:
D:3 Ijyb


Innate Abilities, Weirdness & Mutations

((You are very nimble when in or above water. (Stealth+, EV+, Speed+++)))
Your lower body shifts to a powerful aquatic tail in water.


Message History

The boulder beetle is moderately wounded.
The boulder beetle misses you.
You hit the boulder beetle but do no damage.
The boulder beetle is moderately wounded.
You hit the boulder beetle but do no damage.
The boulder beetle is moderately wounded.
The boulder beetle barely misses you.
You hit the boulder beetle but do no damage.
The boulder beetle is moderately wounded.
The boulder beetle barely misses you.
You hit the boulder beetle. You burn the boulder beetle.
The boulder beetle is heavily wounded.
You block the boulder beetle's attack.
You hit the boulder beetle but do no damage.
The boulder beetle is heavily wounded.
You hit the boulder beetle. You burn the boulder beetle.
The boulder beetle is heavily wounded.
You block the boulder beetle's attack.
You hit the boulder beetle. You burn the boulder beetle.
The boulder beetle is heavily wounded.
You block the boulder beetle's attack.
You hit the boulder beetle but do no damage.
The boulder beetle is heavily wounded.
You slice the boulder beetle!! You burn the boulder beetle.
The boulder beetle is almost dead.
The boulder beetle leaps!
Aiming: Quicksilver Bolt
Press: ? - help, Shift-Dir - straight line, f - boulder beetle
Aim: a boulder beetle (almost dead, 100% to hit)
The bolt of dispelling energy hits the boulder beetle but does no damage.
The boulder beetle is almost dead.
Aiming: Quicksilver Bolt
Press: ? - help, Shift-Dir - straight line, f/p - boulder beetle
Aim: a boulder beetle (almost dead, 100% to hit)
The bolt of dispelling energy hits the boulder beetle.
The boulder beetle is almost dead.
The boulder beetle curls into a ball and begins rolling!
The boulder beetle hits you!!!
Ouch! That really hurt!
You die...

######### ####### #######
........# #.....### #......
........# ####.......# #......
........#####.>.@B○..#.####......
........'.....##.....#...##......
..).....########.....###.##......
##)###### ##.#### #..'...... #)#
#.# ####...... #.### #.## #......
#...# #..### ######+ ###.# ##...#
#. #.# ###.# #.


You could see a boulder beetle (rolling).

Vanquished Creatures
  Snorg (D:10)
  Erica (D:8)
  A centaur warrior (D:10)
  Lodul (D:10)
  A kobold demonologist (D:9)
  Maggie (D:8)
  Grinder (D:3)
  2 trolls (D:10)
  Sigmund (D:3)
  A shadow (D:10)
  2 wraiths (D:11)
  Eustachio (D:4)
  A steam dragon (D:7)
  An acid dragon (D:9)
  A water moccasin (D:5)
  Duvessa (D:4)
  A black bear (D:5)
  An ice beast (D:8)
  2 sky beasts (D:8)
  3 centaurs
  9 ogres
  2 phantoms (D:5)
  3 bullfrogs
  18 kobold brigands
  2 scorpions
  2 water moccasin zombies (D:5)
  A wyvern skeleton (D:5)
  A water moccasin skeleton (D:5)
  Dowan (D:4)
  22 killer bees
  An electric eel (D:11)
  2 bullfrog zombies (D:5)
  2 centaur zombies (D:5)
  A jelly (D:8)
  A gnoll bouda (D:3)
  2 orc priests
  Crazy Yiuf (D:4)
  6 hounds
  2 iguanas
  10 orc wizards
  A centaur skeleton (D:5)
  4 scorpion zombies (D:5)
  A mummy (D:8)
  Robin (D:4)
  9 gnolls
  8 adders
  2 white imps (D:7)
  An ufetubus (D:5)
  An adder zombie (D:5)
  A dart slug (D:2)
  23 orcs
  6 bats
  12 endoplasms
  6 giant cockroaches
  21 goblins
  3 hobgoblins
  4 quokkas
  9 ball pythons
  7 frilled lizards
  32 kobolds
  5 rats
271 creatures vanquished.

Vanquished Creatures (others)
  4 withered plants (D:5)
4 creatures vanquished.

Grand Total: 275 creatures vanquished

Notes
Turn   | Place    | Note
-------+----------+-------------------------------------------
     0 | D:1      | greasedhog the Merfolk Fighter began the quest for the Orb.
     0 | D:1      | Reached XP level 1. HP: 18/18 MP: 1/1
    62 | D:1      | Reached skill level 3 in Long Blades
    62 | D:1      | Reached XP level 2. HP: 12/24 MP: 2/2
   468 | D:1      | Reached XP level 3. HP: 30/30 MP: 3/3
   645 | D:1      | Found a faded altar of an unknown god.
   867 | D:2      | You fall into a shaft and drop 1 floor!
   938 | D:2      | Reached skill level 4 in Long Blades
  1049 | D:2      | Reached XP level 4. HP: 27/37 MP: 4/4
  1537 | D:3      | Noticed Grinder
  1551 | D:3      | Reached skill level 5 in Long Blades
  1680 | D:3      | Found an ancient bone altar of Kikubaaqudgha.
  1682 | D:3      | Noticed Robin
  1689 | D:3      | Reached XP level 5. HP: 35/43 MP: 5/5
  1805 | D:3      | Paralysed by Grinder for 5 turns
  1811 | D:3      | Paralysed by Grinder for 5 turns
  1819 | D:3      | Paralysed by Grinder for 2 turns
  1827 | D:3      | Killed Grinder
  1828 | D:3      | Reached skill level 5 in Fighting
  1828 | D:3      | Reached skill level 6 in Long Blades
  1828 | D:3      | Reached XP level 6. HP: 16/51 MP: 6/6
  2088 | D:3      | Reached skill level 7 in Long Blades
  2260 | D:3      | Found a radiant altar of Vehumet.
  2262 | D:3      | Noticed Sigmund
  2266 | D:3      | Noticed Ijyb
  2287 | D:4      | Killed Robin
  2340 | D:3      | Reached XP level 7. HP: 13/56 MP: 7/7
  2809 | D:3      | Found a basalt altar of Yredelemnul.
  2810 | D:3      | Found a bloodstained altar of Trog.
  2904 | D:3      | Killed Sigmund
  2905 | D:3      | Reached skill level 8 in Long Blades
  3071 | D:4      | Noticed Dowan
  3117 | D:4      | Killed Dowan
  3125 | D:4      | Noticed Duvessa
  3164 | D:4      | HP: 2/58 [Duvessa/+0 short sword (2)]
  3172 | D:4      | HP: 2/58 [Duvessa/+0 short sword (12)]
  3174 | D:4      | Killed Duvessa
  3340 | D:4      | Identified the ring "Miefromp" {+Blink rC- Dex+6 Stlth+}
  3358 | D:4      | Reached skill level 9 in Long Blades
  3358 | D:4      | Reached XP level 8. HP: 27/65 MP: 8/8
  3594 | D:4      | Noticed an angel
  3595 | D:4      | Found a glowing silver altar of Zin.
  3595 | D:4      | Found a shimmering altar of Xom.
  3755 | D:4      | Found a runed translucent door.
  3756 | D:4      | Noticed Crazy Yiuf
  3789 | D:4      | Found a staircase to the Ecumenical Temple.
  3815 | Temple   | Entered the Ecumenical Temple
  3996 | Temple   | Became a worshipper of Warmaster Okawaru
  4462 | D:5      | Entered Level 5 of the Dungeon
  4462 | D:5      | Noticed Eustachio
  4529 | D:4      | Killed Eustachio
  4530 | D:4      | Reached skill level 10 in Long Blades
  4791 | D:5      | Reached * piety under Okawaru
  5017 | D:5      | Reached skill level 11 in Long Blades
  5100 | D:5      | Reached XP level 9. HP: 64/74 MP: 9/9
  5844 | D:5      | Reached skill level 12 in Long Blades
  7114 | D:7      | Identified the +0 scale mail "Jinem" {rC+ Str+3}
  7131 | D:7      | Found a hazy altar of Hepliaklqana.
  7167 | D:7      | Reached ** piety under Okawaru
  7625 | D:7      | Found an ornate altar of the Wu Jian Council.
  7865 | D:8      | Reached skill level 13 in Long Blades
  8062 | D:8      | Found Estreum's Weapon Shop.
  8241 | D:8      | Noticed Erica
  8261 | D:8      | Killed Erica
  8261 | D:8      | Reached *** piety under Okawaru
  8262 | D:8      | Reached XP level 10. HP: 23/83 MP: 7/10
  8264 | D:8      | Reached skill level 14 in Long Blades
  8522 | D:8      | Found an opulent altar of Gozag.
  8578 | D:8      | Found a snail-covered altar of Cheibriados.
  8624 | D:8      | Noticed Maggie
  8632 | D:8      | Killed Maggie
  8879 | D:8      | Found a white marble altar of Elyvilon.
  9241 | D:9      | Reached skill level 1 in Dodging
  9241 | D:9      | Reached skill level 1 in Invocations
  9248 | D:9      | Reached skill level 10 in Fighting
  9249 | D:9      | Noticed a kobold demonologist
  9266 | D:9      | Killed a kobold demonologist
  9331 | D:9      | Reached **** piety under Okawaru
  9524 | D:9      | Reached skill level 5 in Invocations
 10021 | D:10     | Entered Level 10 of the Dungeon
 10027 | D:10     | Noticed a centaur warrior
 10036 | D:10     | Killed a centaur warrior
 10037 | D:10     | Reached skill level 5 in Dodging
 10037 | D:10     | Reached XP level 11. HP: 78/90 MP: 15/15
 10120 | D:10     | Noticed Snorg
 10143 | D:10     | Killed Snorg
 10378 | D:10     | Found Udineas's Book Boutique.
 10447 | D:10     | Found a sparkling altar of Nemelex Xobeh.
 11005 | D:4      | Killed Crazy Yiuf
 11175 | D:10     | Reached ***** piety under Okawaru
 11222 | D:10     | Found a shimmering blue altar of Sif Muna.
 11544 | D:10     | Noticed Lodul
 11558 | D:10     | Killed Lodul
 11881 | D:11     | Noticed a boulder beetle
 11937 | D:10     | Demolished by a boulder beetle

Illustrated notes

Levels and vault maps discovered:
D:1:      erik_arrival_cave_to_civilisation [erik_arrival_cave_to_hall],
          layout_basic, chequers_ecumenical_altar_simple_redux,
          hangedman_decor_growths
D:2:      layout_rooms, hangedman_abyss_or_decor_stabs
D:3:      layout_basic, mainiacjoe_overflow_paths, nicolae_vehumet_radiance,
          nicolae_overflow_two_pavilions, uniq_ijyb, uniq_sigmund, uniq_robin,
          uniq_grinder
D:4:      layout_loops_ring, grunt_temple_overflow_order_and_chaos_1,
          minmay_temple_entry_butterflies, uniq_crazy_yiuf_cottage, uniq_duvessa
D:5:      layout_basic, serial_undead, serial_undead_b, serial_undead_a,
          serial_undead_e, serial_undead_b, serial_undead_a, serial_undead_c,
          serial_undead_a, serial_undead_e, uniq_eustachio
D:6:      layout_basic
D:7:      layout_basic, mainiacjoe_overflow_catwalk,
          nicolae_wu_jian_wuxing_cycle, corexii_checkpoint_a
D:8:      layout_basic, slow_altar_2, nicolae_elyvilon_peaceful_grove,
          kennysheep_mini, serial_shops, shop, uniq_maggie, uniq_erica
D:9:      layout_roguey [special_room_kobold]
D:10:     layout_roguey, nicolae_sif_muna_condensation,
          lemuel_coloured_pillars_altar, serial_shops, shop,
          eino_small_chamber_without_monster, corner_web_ring, uniq_lodul,
          uniq_snorg
D:11:     layout_big_octagon, erik_lair_orcish_takeover, trog_butcher_becter
Temple:   chequers_temple_sunken

Skill      XL: |  1  2  3  4  5  6  7  8  9 10 11 |
---------------+----------------------------------+-----
Long Blades    | 3 4 5 6 7 9 11 13 14 | 14.3
Fighting       | 4 5 6 7 9 10 | 10.0
Dodging        | 5 8 |  8.6
Invocations    | 6 8 |  8.7
Armour         | |  2.1
Shields        | |  3.0

Action                     |  1- 3 |  4- 6 |  7- 9 | 10-12 || total
---------------------------+-------+-------+-------+-------++-------
  Melee: Long sword        |   112 |   143 |   553 |     2 ||   810
         Scimitar          |       |       |       |   355 ||   355
  Throw: Throwing net      |       |       |     2 |       ||     2
 Invoke: Heroism           |       |       |     1 |     4 ||     5
         Finesse           |       |       |       |     1 ||     1
  Evoke: Wand              |       |       |     2 |    10 ||    12
    Use: Scroll            |       |     5 |     7 |     4 ||    16
         Potion            |       |     2 |     4 |     1 ||     7
 Armour: Scale mail        |    41 |       |     7 |    61 ||   109
         Ring mail         |     9 |    53 |   214 |       ||   276
         Troll leather arm |       |       |       |    28 ||    28
  Dodge: Dodged            |    56 |    66 |   233 |   149 ||   504
  Block: Buckler           |    28 |    51 |   161 |    99 ||   339

Table legend: (Time is in decaauts)
 A = Elapsed time spent in this place.
 B = Non-inter-level travel time spent in this place.
 C = Inter-level travel time spent in this place.
 D = Time resting spent in this place.
 E = Time spent auto-exploring this place.
 F = Levels seen in this place.
 G = Mean time per level.
                   A        B        C        D        E       F      G
               +--------+--------+--------+--------+--------+-----+--------+
         Total |  11730 |  10932 |    798 |   1918 |   6732 |  12 |  977.5 |
       Dungeon |  11591 |  10824 |    767 |   1918 |   6631 |  11 | 1053.7 |
        Temple |    139 |    108 |     31 |      0 |    101 |   1 |  139.0 |
               +--------+--------+--------+--------+--------+-----+--------+

Top non-repeatable levels by time:
     D:5: 1554 daAuts
     D:4: 1500 daAuts
    D:10: 1446 daAuts
     D:3: 1436 daAuts
     D:8: 1181 daAuts
     D:7: 1107 daAuts
     D:9: 1036 daAuts
     D:1: 888 daAuts
     D:2: 735 daAuts
     D:6: 623 daAuts
  Temple: 139 daAuts
    D:11: 81 daAuts
